 Dungeon Crawl Stone Soup version 0.17-a0-1701-gf693a3f (webtiles) character file.

33 Kidiri the Magician (level 3, 0/19 HPs)
             Began as a Deep Elf Fire Elementalist on Aug 21, 2015.
             Slain by Sigmund
             ... wielding a +0 scythe
              (9 damage)
             ... on level 2 of the Dungeon.
             The game lasted 00:07:51 (1761 turns).

Kidiri the Magician (Deep Elf Fire Elementalist)    Turns: 1761, Time: 00:07:51

Health: 0/19       AC:  4    Str:  5    XL:     3   Next: 12%
Magic:  9/10       EV: 13    Int: 20    God:
Gold:   45         SH:  0    Dex: 15    Spells: 4 memorised, 0 levels left

rFire  . . .     SeeInvis .     e - +1 dagger
rCold  . . .     Clarity  .     a - +0 robe
rNeg   . . .     SustAt   .     (no shield)
rPois  .         Gourm    .     f - +0 helmet
rElec  .         Spirit   .     (no cloak)
rCorr  .         Warding  .     j - +0 pair of gloves
rMut   .         Stasis   .     (no boots)
MR     .....                    (no amulet)
Stlth  ++........               (no ring)
                                (no ring)

@: not resistant to hostile enchantments, unstealthy
A: no striking features
a: no special abilities


You were on level 2 of the Dungeon.
You were not hungry.

You visited 1 branch of the dungeon, and saw 2 of its levels.

You collected 45 gold pieces.

Inventory:

Hand weapons
 e - a +1 dagger (weapon)
Armour
 a - a +0 robe (worn)
 f - a +0 helmet (worn)
 j - a +0 pair of gloves (worn)
Potions
 i - a potion of heal wounds
 k - a potion of curing {unknown}
Books
 b - a book of Flames

   Spells                             Type                      Level
   a - Flame Tongue                   Conjuration/Fire             1
   b - Throw Flame                    Conjuration/Fire             2
   c - Conjure Flame                  Conjuration/Fire             3
   d - Inner Flame                    Hexes/Fire                   3
   e - Sticky Flame                   Conjuration/Fire             4
   f - Fireball                       Conjuration/Fire             5
Comestibles
 c - a bread ration
 d - 3 chunks of flesh


   Skills:
 + Level 0.2 Fighting
 + Level 0.4 Armour
 * Level 2.8 Dodging
 + Level 2.7 Stealth
 * Level 3.5 Spellcasting
 + Level 1.5 Conjurations
 + Level 0.0 Hexes
 + Level 3.5 Fire Magic


You couldn't memorise any spells.
You knew the following spells:

 Your Spells              Type           Power        Failure   Level  Hunger
a - Flame Tongue          Conj/Fire      ##...        6%          1    None
b - Throw Flame           Conj/Fire      ##....       10%         2    ##.....
c - Conjure Flame         Conj/Fire      ##......     17%         3    ###....
d - Inner Flame           Hex/Fire       ##......     21%         3    ###....


Dungeon Overview and Level Annotations

Branches:
Dungeon (2/15)

Altars:

Annotations:
D:2 Sigmund


Message History

The magic dart hits you!
You closely miss the hobgoblin. The hobgoblin hits you with a club.
Unknown command.
Sigmund mumbles some strange words.
Sigmund flickers and vanishes!
Deactivating autopickup; reactivate with Ctrl-A.
Casting: Flame Tongue
Confirm with . or Enter, or press ? or * to list all spells.
Aiming: Flame Tongue
Press: ? - help, Shift-Dir - straight line, f - hobgoblin
Aim: a hobgoblin, wielding a club The flame tongue hits the hobgoblin.
You kill the hobgoblin!
Things that are here:
a club; a hobgoblin corpse You butcher the hobgoblin corpse.
Things that are here:
a club; 4 chunks of flesh; a hobgoblin skeleton Something hits you!
You die...

#.# #..........
#.# #.####.####
#.# #.# # #.# #.#
# #######.#####..
#.# #
...............
..# #
#######.######.
##. . #########.#
. #
#......)@.###### #
# #.########.....#
.# #.....#..###
#............
######......#.####
#......%...#..#
#.............#
........###.#####
###.{##)# #.#


There were no monsters in sight!

Vanquished Creatures
  A giant gecko (D:1)
  3 giant cockroaches (D:1)
  4 hobgoblins
  5 jackals (D:1)
  3 kobolds
  3 bats
  4 goblins
  6 rats
29 creatures vanquished.

Notes
Turn   | Place    | Note
--------------------------------------------------------------
     0 | D:1      | Kidiri the Deep Elf Fire Elementalist began the quest for the Orb.
     0 | D:1      | Reached XP level 1. HP: 10/10 MP: 6/6
   482 | D:1      | Reached XP level 2. HP: 9/15 MP: 1/8
   602 | D:1      | Learned a level 2 spell: Throw Flame
  1596 | D:2      | Reached XP level 3. HP: 16/19 MP: 1/10
  1670 | D:2      | Learned a level 3 spell: Conjure Flame
  1674 | D:2      | Learned a level 3 spell: Inner Flame
  1748 | D:2      | Noticed Sigmund
  1761 | D:2      | Slain by Sigmund

Vault maps used:
D:1:      dpeg_arrival_windows_large_door
D:2:      ecumenical_altar_1, bloody_makhleb, uniq_sigmund, uniq_iyjb

Action                   || total
-------------------------++-------
Melee: Dagger            ||    52
 Cast: Flame Tongue      ||    29
       Throw Flame       ||     3
  Use: Scroll            ||     4
 Stab: Sleeping          ||     2
  Eat: Chunk             ||     3
